 Dungeon Crawl Stone Soup version 0.28.0-43-g3370ac3207 (webtiles) character file.

Game seed: 11715457793850020558

1790 styxcanada the Covert (level 8, -8/41 (42) HPs)
             Began as a Spriggan Brigand on Mar 25, 2022.
             Was an Initiate of Gozag.
             Mangled by a two-headed ogre
             ... wielding a +0 giant spiked club
              (11 damage)
             ... on level 8 of the Dungeon.
             The game lasted 00:34:53 (8118 turns).

styxcanada the Covert (Spriggan Brigand)            Turns: 8118, Time: 00:34:54

HP:   -8/41 (42)    AC:  3    Str:  7    XL:     8   Next: 82%
MP:   9/9           EV: 21    Int: 10    God:    Gozag
Gold: 857           SH:  5    Dex: 18    Spells: 7/7 levels left

rFire   + . .      SeeInvis +   t - +2 dagger (venom)
rCold   . . .      Faith    .   (no shield)
rNeg    . . .      Spirit   .   b - +0 robe
rPois   .          Reflect  +   (helmet restricted)
rElec   .          Harm     .   c - +0 cloak
rCorr   .          Rampage  .   (gloves unavailable)
Will    +....      Rage     1%  (boots unavailable)
Stlth   +++++.....              l - amulet "Xaeda" {Reflect Fly rF+ Regen+ Int-3 SH+5}
HPRegen 0.93/turn               (no ring)
MPRegen 0.11/turn               (no ring)

@: attractive, flying, lightly drained, very quick
A: very small, no large weapons, unfitting armour, see invisible, speed 3,
berserk 1, no potion heal 1
a: Renounce Religion, Potion Petition, Call Merchant, Bribe Branch


You were on level 8 of the Dungeon.
You worshipped Gozag.
Gozag was pleased with you.
You visited 1 branch of the dungeon, and saw 8 of its levels.

You collected 893 gold pieces.
You paid 36 gold pieces to Gozag.

Inventory:

Hand Weapons
 a - a +2 vampiric dagger
 i - a +0 hunting sling
 t - a +2 dagger of venom (weapon)
 z - a +2 mace of freezing
Missiles
 d - 44 sling bullets
 g - 195 stones (quivered)
 C - a curare-tipped dart
Armour
 b - a +0 robe (worn)
 c - a +0 cloak (worn)
Jewellery
 e - an amulet of regeneration
 h - an amulet of the acrobat
 l - the amulet "Xaeda" (around neck) {Reflect Fly rF+ Regen+ Int-3 SH+5}
   (You acquired it on level 4 of the Dungeon)

   [amulet of reflection]

   It reflects blocked missile attacks.
   Int:       It affects your intelligence (-3).
   rF:        It protects you from fire.
   Fly:       It grants you flight.
   Regen:     It increases your rate of health regeneration.
   SH:        It affects your SH (+5).
 n - an amulet of magic regeneration
 s - a +4 ring of evasion
Wands
 x - a wand of polymorph (9)
 y - a wand of iceblast (9)
Scrolls
 k - 2 scrolls of teleportation
 o - a scroll of fog
 B - a scroll of enchant weapon
 D - a scroll of immolation {unknown}
Potions
 f - a potion of mutation
 j - 3 potions of might
 m - 2 potions of brilliance {unknown}
 p - a potion of flight {unknown}
 r - a potion of magic {unknown}
 u - 2 potions of attraction
 v - a potion of cancellation {unknown}
 w - a potion of curing {unknown}
 A - a potion of haste {unknown}


   Skills:
 + Level 3.8 Fighting
 + Level 4.9 Short Blades
 + Level 4.8(5.3) Slings
 + Level 2.6(3.7) Throwing
 * Level 6.3 Dodging
 * Level 10.1 Stealth
 * Level 1.7 Shields
 * Level 4.7 Evocations


You had 7 spell levels left.
You didn't know any spells.
Your spell library contained the following spells:

 Spells                   Type           Power      Damage    Failure   Level
 Spider Form              Tmut/Pois      0%         N/A       75%         3
 Olgreb's Toxic Radiance  Pois           0%         N/A       98%         4
 Eringya's Noxious Bog    Tmut/Pois      0%         N/A       100%        6
 Borgnjor's Revivificati  Necr           0%         N/A       100%        8
 Necromutation            Tmut/Necr      0%         N/A       100%        8
 Death's Door             Necr           0%         N/A       100%        9


Dungeon Overview and Level Annotations

Branches:
Dungeon (8/15)             Temple (0/1) D:5
   Lair: D:8-11

Altars:
Ashenzari
Cheibriados
Dithmenos
Elyvilon
Gozag
Kikubaaqudgha
Okawaru
Qazlal
Uskayaw
Wu Jian
The Shining One

Shops:
D:1 (


Innate Abilities, Weirdness & Mutations

You are very small and have problems with some larger weapons.
You are too small for most types of armour.
You have supernaturally acute eyesight. (SInv)
You cover ground extremely quickly. (Speed+++)
You tend to lose your temper in combat.
Potions are less effective at restoring your health.


Message History

Fire: 196 stones
Press: ? - help, Q - select action, (/) - cycle Shift-Dir - straight line, f/p - two-headed ogre
Aim: a two-headed ogre, wielding a +0 giant spiked club and a +0 dire flail (moderately wounded, poisoned, 77% to hit)
You shoot a stone. The stone hits the two-headed ogre.
The two-headed ogre is heavily wounded.
Your +2 dagger of venom begins to drip with poison!
t - a +2 dagger of venom (weapon)
The two-headed ogre hits you with a +0 giant spiked club!
The two-headed ogre misses you.
You hit the two-headed ogre but do no damage.
The two-headed ogre looks even sicker.
The two-headed ogre is heavily wounded.
You hit the two-headed ogre but do no damage.
The two-headed ogre looks as sick as possible!
The two-headed ogre is heavily wounded.
The two-headed ogre hits you with a +0 giant spiked club!
You block the two-headed ogre's attack.
You hit the two-headed ogre.
The two-headed ogre is heavily wounded.
You hit the two-headed ogre.
The two-headed ogre is heavily wounded.
The two-headed ogre closely misses you. x2
You hit the two-headed ogre.
The two-headed ogre looks as sick as possible!
The two-headed ogre is severely wounded.
You hit the two-headed ogre.
The two-headed ogre looks as sick as possible!
The two-headed ogre is severely wounded.
The two-headed ogre barely misses you.
The two-headed ogre hits you with a +0 dire flail!!
Ouch! That really hurt!
* * * LOW HITPOINT WARNING * * *
You hit the two-headed ogre.
The two-headed ogre is severely wounded.
It was a potion of attraction.
You feel attractive to monsters. You block the two-headed ogre's attack.
The two-headed ogre hits you with a +0 dire flail!
You die...
Your body crumbles into a pile of gold.

#.# #.# #.# #.#
###.# ....#
....##############
..(.....(.((.((O@#
....##############
....# ....# ....#
....# #####


You could see a two-headed ogre (extremely poisoned).

Vanquished Creatures
  A water moccasin (D:5)
  2 orc warriors
  A kobold brigand (D:7)
  2 scorpions
  Blork the orc (D:6)
  A wyvern skeleton (D:5)
  10 wights
  A howler monkey (D:5)
  A bullfrog zombie (D:5)
  A hound (D:4)
  3 orc priests
  2 centaur skeletons (D:7)
  5 iguanas
  5 orc wizards
  A killer bee zombie (D:5)
  A hound skeleton (D:4)
  3 gnolls (D:4)
  A howler monkey skeleton (D:7)
  5 adders
  2 shadow imps (D:7)
  2 ufetubi (D:6)
  3 adder skeletons (D:4)
  3 worms
  2 dart slugs
  14 orcs
  10 ball pythons
  6 bats
  8 endoplasms
  5 giant cockroaches (D:1)
  4 goblins
  7 hobgoblins
  5 kobolds
  A quokka (D:3)
  A frilled lizard (D:2)
  7 rats
127 creatures vanquished.

Vanquished Creatures (collateral kills)
  An orc priest (D:5)
  An iguana (D:5)
2 creatures vanquished.

Vanquished Creatures (others)
  A wight (D:6)
  A hound (D:5)
2 creatures vanquished.

Grand Total: 131 creatures vanquished

Notes
Turn   | Place    | Note
-------+----------+-------------------------------------------
     0 | D:1      | styxcanada the Spriggan Brigand began the quest for the
                  | Orb.
     0 | D:1      | Reached XP level 1. HP: 10/10 MP: 2/2
     6 | D:1      | Found a faded altar of an unknown god.
    49 | D:1      | Reached skill level 6 in Stealth
   193 | D:1      | Reached XP level 2. HP: 14/14 MP: 3/3
   420 | D:1      | Found Farch's Weapon Emporium.
   887 | D:2      | Reached XP level 3. HP: 18/18 MP: 4/4
  1025 | D:2      | Got Sif Muna's Handbook of Poison
  1057 | D:2      | Reached skill level 7 in Stealth
  1676 | D:3      | Reached XP level 4. HP: 23/23 MP: 5/5
  2028 | D:3      | Found a broken altar of Ashenzari.
  2031 | D:3      | Found an opulent altar of Gozag.
  2031 | D:3      | Found an ornate altar of the Wu Jian Council.
  2037 | D:3      | Became a worshipper of Gozag Ym Sagoz the Greedy
  2197 | D:3      | Found a shadowy altar of Dithmenos.
  2199 | D:3      | Found an ancient bone altar of Kikubaaqudgha.
  2457 | D:4      | Reached XP level 5. HP: 17/26 MP: 6/6
  2587 | D:4      | Reached skill level 8 in Stealth
  2733 | D:4      | Found an iron altar of Okawaru.
  3281 | D:4      | HP: 1/26 [iguana (11)]
  3306 | D:4      | Reached skill level 1 in Slings
  3706 | D:4      | Identified a scroll of acquirement
  3706 | D:4      | Acquired the amulet "Xaeda" {Reflect Fly rF+ Regen+ Int-3
                  | SH+5}
  3832 | D:5      | Entered Level 5 of the Dungeon
  3837 | D:5      | Reached XP level 6. HP: 32/32 MP: 7/7
  3908 | D:5      | Reached skill level 1 in Evocations
  4096 | D:5      | Found a staircase to the Ecumenical Temple.
  4278 | D:5      | Found a hide-covered altar of Uskayaw.
  4281 | D:5      | Found a glowing golden altar of the Shining One.
  4316 | D:5      | Reached skill level 9 in Stealth
  4316 | D:5      | Reached XP level 7. HP: 22/35 MP: 8/8
  4461 | D:5      | You are sucked into a shaft and drop 1 floor!
  4497 | D:6      | Noticed Blork the orc
  4500 | D:6      | Killed Blork the orc
  4570 | D:5      | Gained mutation: You are frail. (-10% HP) [potion of
                  | mutation]
  4570 | D:5      | Gained mutation: Potions are less effective at restoring
                  | your health. [potion of mutation]
  4570 | D:5      | Gained mutation: You tend to lose your temper in combat.
                  | [potion of mutation]
  4570 | D:5      | Lost mutation: You are frail. (-10% HP) [potion of
                  | mutation]
  5032 | D:6      | Reached skill level 5 in Dodging
  5171 | D:6      | Reached skill level 1 in Shields
  5343 | D:6      | Reached XP level 8. HP: 20/36 MP: 9/9
  5506 | D:6      | Found a snail-covered altar of Cheibriados.
  7217 | D:7      | Found a stormy altar of Qazlal.
  7297 | D:7      | Found a white marble altar of Elyvilon.
  7532 | D:7      | Reached skill level 10 in Stealth
  8079 | D:8      | Noticed a two-headed ogre
  8116 | D:8      | HP: 1/41 [two-headed ogre/+0 giant spiked club (22)]
  8118 | D:8      | Mangled by a two-headed ogre

Illustrated notes

Levels and vault maps discovered:
D:1:      minmay_arrival_four_houses, layout_rooms, serial_shops,
          nicolae_shop_trees, dreamdust_ecumenical_altar_statues,
          item_on_display_a
D:2:      layout_rooms
D:3:      layout_loops_ring, nicolae_overflow_hidden_temple,
          grunt_temple_overflow_open, st_stairs_11,
          chequers_serial_rivers_small_3
D:4:      nicolae_cairo_tiling_large, layout_rooms,
          nicolae_overflow_crystal_walls
D:5:      layout_gridville, mainiacjoe_overflow_large_starburst,
          minmay_temple_entry_antechambers, hangedman_decor_growths,
          minmay_diced_spiral
D:6:      layout_basic, mainiacjoe_overflow_six_doors_small, uniq_blork_the_orc
D:7:      layout_basic, nicolae_elyvilon_peaceful_grove,
          nicolae_qazlal_general_emergency, grunt_ministairs_4,
          kennysheep_generic_room_5
D:8:      layout_basic, zin_angel, erik_lair_dragon

Skill      XL: |  1  2  3  4  5  6  7  8 |
---------------+-------------------------+-----
Stealth        | 6 7 8 9 10 | 10.1
Dodging        | 2 3 5 6 |  6.3
Fighting       | 2 3 |  3.8
Short Blades   | 3 4 |  4.9
Slings         | 1 2 3 4 |  4.8
Evocations     | 1 3 4 |  4.7
Shields        | 1 |  1.7
Throwing       | |  2.6

Action                   |  1- 3 |  4- 6 |  7- 9 || total
-------------------------+-------+-------+-------++-------
Melee: Dagger            |    95 |   207 |   378 ||   680
       Punch             |     2 |     1 |     4 ||     7
 Fire: Hunting sling     |     5 |    32 |    92 ||   129
Throw: Dart              |    20 |    17 |     2 ||    39
       Stone             |       |     5 |       ||     5
Evoke: Wand              |       |     3 |     1 ||     4
  Use: Scroll            |     1 |     4 |     6 ||    11
       Potion            |       |       |     2 ||     2
 Stab: Sleeping          |    16 |    10 |     6 ||    32
       Distracted        |     1 |     2 |     2 ||     5
Armor: Robe              |     5 |    15 |     8 ||    28
Dodge: Dodged            |    73 |   138 |   234 ||   445
Block: Other             |       |    15 |    69 ||    84
